 Dungeon Crawl Stone Soup version 0.21-a0-404-g291f19a (webtiles) character file.

32 Slyspawn the Digger (level 3, -10/19 HPs)
             Began as a Deep Elf Earth Elementalist on Oct 29, 2017.
             Killed by nerve-wracking pain
             ... invoked by an orc priest
              (14 damage)
             ... on level 2 of the Dungeon.
             The game lasted 00:06:38 (1280 turns).

Slyspawn the Digger (Deep Elf Earth Elementalist)   Turns: 1280, Time: 00:06:38

Health: -10/19     AC:  2    Str:  5    XL:     3   Next: 10%
Magic:  8/10       EV: 13    Int: 20    God:
Gold:   47         SH:  0    Dex: 15    Spells: 8/9 levels left

rFire    . . .     SeeInvis .   a - +0 dagger
rCold    . . .     Gourm    .   (no shield)
rNeg     . . .     Faith    .   c - +0 robe
rPois    .         Spirit   .   (no helmet)
rElec    .         Reflect  .   (no cloak)
rCorr    .         Harm     .   (no gloves)
MR       .....                  (no boots)
Stlth    ++........             (no amulet)
HPRegen  0.06/turn              (no ring)
MPRegen  0.12/turn              (no ring)

@: no status effects
A: no striking features
a: no special abilities


You were on level 2 of the Dungeon.
You were not hungry.

You visited 1 branch of the dungeon, and saw 2 of its levels.

You collected 47 gold pieces.

Inventory:

Hand Weapons
 a - a +0 dagger (weapon)
Missiles
 b - 22 stones (quivered)
Armour
 c - a +0 robe (worn)
Jewellery
 i - a +2 ring of strength {unknown}
Scrolls
 j - a scroll of identify {unknown}
Books
 e - a book of Geomancy

   Spells                             Type                      Level
   a - Sandblast                      Earth                        1
   b - Passwall                       Transmutation/Earth          2
   c - Stone Arrow                    Conjuration/Earth            3
   d - Petrify                        Transmutation/Earth          4
   e - Lee's Rapid Deconstruction     Earth                        5
Comestibles
 d - a bread ration
 f - a royal jelly
 g - 2 chunks of flesh
 h - 2 fruits


   Skills:
 + Level 2.6 Dodging
 + Level 2.5 Stealth
 + Level 3.6 Spellcasting
   Level 1.1 Transmutations
 + Level 4.2 Earth Magic


You had 8 spell levels left.
You knew the following spells:

 Your Spells              Type           Power        Failure   Level  Hunger
a - Sandblast             Erth           ###...       2%          1    None


Dungeon Overview and Level Annotations

Branches:
Dungeon (2/15)

Altars:


Message History

Ouch! That really hurt!
You hear a shout!
Unknown command.
Casting: Sandblast
Confirm with . or Enter, or press ? or * to list all spells.
Aiming: Sandblast
Press: ? - help, Shift-Dir - straight line, f/p - orc priest
Aim: an orc priest, wielding a club The blast of sand hits the orc.
You kill the orc!
b - 22 stones You hear a shout!
The orc priest hits you with a club.
* * * LOW HITPOINT WARNING * * *
A goblin and 2 hobgoblins come into view.
The orc priest begins to cast a cantrip, but forgets the words!
The orc priest invokes the aid of Beogh against you.
Pain shoots through your body!
Ouch! That really hurt!
You die...

#... .#
...###.##
.....<#.
...#..
#....#
#..#.##
#.....#
###.#.###
#.@.#..#
#....#
#.####.##
#....# #.#
#..# #....#
#.# ##.##
#....# #o#
#..# #....#
#o# ##.##
#....# #g#
#..# #....#
#.# ##.#
#....# #o#
#.###.#####


You could see an orc priest, an orc and a goblin.

Vanquished Creatures
  A dart slug (D:1)
  A leopard gecko (D:1)
  An orc (D:2)
  2 bats (D:1)
  2 giant cockroaches (D:1)
  2 goblins (D:1)
  8 hobgoblins
  A jackal (D:1)
  4 kobolds (D:1)
  3 rats
25 creatures vanquished.

Notes
Turn   | Place    | Note
-------+----------+-------------------------------------------
     0 | D:1      | Slyspawn the Deep Elf Earth Elementalist began the quest for the Orb.
     0 | D:1      | Reached XP level 1. HP: 10/10 MP: 6/6
   393 | D:1      | Reached XP level 2. HP: 15/15 MP: 6/8
   831 | D:1      | Reached skill level 4 in Earth Magic
  1218 | D:2      | Reached XP level 3. HP: 19/19 MP: 7/9
  1280 | D:2      | Killed from afar by an orc priest

Vault maps used:
D:1:      dpeg_arrival_snail
D:2:      lemuel_round_altar, old_standard_altar,
          chequers_ecumenical_altar_island, glass_columns_b, tgw_kikubaaqudgha,
          uniq_jessica, uniq_natasha, uniq_robin

Skill      XL: |  1  2 |
---------------+-------+-----
Earth Magic    | 4 |  4.2
Dodging        | |  2.6
Stealth        | |  2.5
Spellcasting   | |  3.6
Transmutations | |  1.1

Action                   || total
-------------------------++-------
Melee: Dagger            ||     2
 Cast: Sandblast         ||    37
  Eat: Chunk             ||     1
Armor: Robe              ||     1
Dodge: Dodged            ||     6

Table legend:
 A = Spawn XP
 B = Non-spawn XP
 C = Spawn XP percentage of total XP
 D = Spawn monster count
 E = Non-spawn monster count
 F = Spawn count percentage of total count
 G = Total turns spent on level
                    A         B        C        D         E        F      G
               +---------+---------+-------+---------+---------+-------+---------
         Total |       0 |      47 |   0.0 |       0 |      25 |   0.0 |  1280
               +---------+---------+-------+---------+---------+-------+---------
           D:1 |       0 |      39 |   0.0 |       0 |      21 |   0.0 |  1217
           D:2 |       0 |       8 |   0.0 |       0 |       4 |   0.0 |    63
               +---------+---------+-------+---------+---------+-------+---------
